[ AOE2 MATCH · #508048813 ]
UnrankedPoles vs Slavs
Player's team · LOSS
Rival team · WIN
[ REPLAY ANALYSIS · EXTRACTED FROM THE RECORDED GAME ]
Feudal
10:58
Castle
19:47
Imperial
—
| APM avg | 80.8 |
| APM peak | 164 |
| eAPM avg | 30.5 |
| Villagers / military | 98 / 110 |
Focus
⚔️ 34.6% · 🌾 65.4%
Skirmisher ×52 · Archer ×39 · Knight ×7 · Militia ×7 · Monk ×3 · Spearman ×2
Feudal
8:51
Castle
18:30
Imperial
31:40
| APM avg | 101.6 |
| APM peak | 152 |
| eAPM avg | 41.3 |
| Villagers / military | 135 / 52 |
Focus
⚔️ 32.0% · 🌾 68.0%
Skirmisher ×39 · Cavalry Archer ×6 · Monk ×5 · Knight ×2
Match map
Initial resources + every placement click. Lines = walls · curves = elevation contours. ◆ gold · ⬟ stone · ● berries · ✦ relic · ◌ wall gap
Your base· ✓ Closed at 19:47 · 27t walls · no gate
Lamo's base· Open — opponent sealed themselves in
Smoothed initial terrain · ◌ = detected wall gap · hover for details
Inputs per minute
— Scotty - - Lamo
Build order — Scotty
First 150 of 303 actions detected
| 0:01 | Queue | Villager (Male) ×4 |
| 0:01 | Queue | Villager (Male) ×4 |
| 0:02 | Build | House |
| 0:03 | Build | House |
| 1:25 | Queue | Villager (Male) |
| 1:25 | Queue | Villager (Male) |
| 1:52 | Queue | Villager (Male) |
| 1:52 | Queue | Villager (Male) |
| 2:22 | Queue | Villager (Male) |
| 2:22 | Queue | Villager (Male) |
| 2:22 | Queue | Villager (Male) |
| 2:45 | Queue | Villager (Male) |
| 2:45 | Queue | Villager (Male) |
| 3:00 | Build | Barracks |
| 3:09 | Queue | Villager (Male) |
| 3:09 | Queue | Villager (Male) |
| 3:09 | Queue | Villager (Male) |
| 3:35 | Build | House |
| 3:40 | Queue | Villager (Male) |
| 4:01 | Queue | Villager (Male) |
| 4:09 | Queue | Militia |
| 4:09 | Queue | Militia |
| 4:09 | Queue | Militia |
| 4:09 | Queue | Militia |
| 4:17 | Queue | Villager (Male) |
| 4:30 | Queue | Militia |
| 4:30 | Queue | Militia |
| 4:34 | Queue | Villager (Male) |
| 4:34 | Queue | Villager (Male) |
| 4:35 | Queue | Villager (Male) |
| 4:35 | Queue | Villager (Male) |
| 5:04 | Queue | Militia |
| 5:20 | Build | Mill |
| 5:31 | Queue | Villager (Male) |
| 5:31 | Queue | Villager (Male) |
| 5:31 | Queue | Villager (Male) |
| 5:31 | Queue | Villager (Male) |
| 6:09 | Queue | Villager (Male) |
| 6:27 | Build | House |
| 6:42 | Queue | Villager (Male) |
| 7:16 | Queue | Villager (Male) |
| 7:31 | Build | Lumber Camp |
| 7:40 | Research | Loom |
| 7:40 | Research | Loom |
| 7:59 | Queue | Villager (Male) |
| 8:48 | Research | Feudal Age |
| 9:57 | Build | Mining Camp |
| 10:00 | Build | House |
| 10:02 | Build | Palisade Wall |
| 10:20 | Build | Mill |
| 10:29 | Queue | Villager (Male) |
| 10:53 | Build | House |
| 10:58 | Age | Feudal Age |
| 11:00 | Queue | Spearman |
| 11:07 | Queue | Villager (Male) |
| 11:23 | Build | Archery Range |
| 11:32 | Queue | Villager (Male) |
| 11:56 | Queue | Archer |
| 11:57 | Queue | Archer |
| 11:57 | Queue | Archer |
| 11:57 | Queue | Archer |
| 12:00 | Queue | Villager (Male) |
| 12:02 | Build | House |
| 12:06 | Research | Double-Bit Axe |
| 12:06 | Research | Double-Bit Axe |
| 12:07 | Research | Double-Bit Axe |
| 12:16 | Queue | Spearman |
| 12:20 | Queue | Villager (Male) |
| 12:32 | Build | Farm |
| 12:34 | Queue | Archer |
| 12:34 | Queue | Archer |
| 12:35 | Queue | Villager (Male) |
| 12:39 | Build | House |
| 12:43 | Build | Palisade Wall |
| 12:49 | Build | Farm |
| 12:50 | Queue | Villager (Male) |
| 13:05 | Build | Palisade Wall |
| 13:06 | Queue | Villager (Male) |
| 13:11 | Queue | Archer |
| 13:20 | Build | Farm |
| 13:26 | Queue | Archer |
| 13:38 | Build | Farm |
| 13:53 | Queue | Villager (Male) |
| 13:55 | Build | Farm |
| 14:00 | Queue | Archer |
| 14:22 | Build | Mill |
| 14:22 | Queue | Villager (Male) |
| 14:25 | Queue | Archer |
| 14:40 | Build | Farm |
| 14:47 | Research | Horse Collar |
| 14:47 | Research | Horse Collar |
| 14:48 | Research | Horse Collar |
| 14:49 | Queue | Villager (Male) |
| 14:53 | Queue | Archer |
| 15:07 | Build | Farm |
| 15:11 | Queue | Villager (Male) |
| 15:15 | Queue | Archer |
| 15:38 | Queue | Villager (Male) |
| 15:51 | Build | Blacksmith |
| 15:56 | Queue | Archer |
| 16:05 | Build | Farm |
| 16:12 | Build | House |
| 16:26 | Queue | Archer |
| 16:36 | Queue | Villager (Male) |
| 16:49 | Build | Farm |
| 16:55 | Queue | Archer |
| 16:58 | Build | House |
| 17:05 | Build | Farm |
| 17:07 | Research | Castle Age |
| 17:07 | Research | Castle Age |
| 17:07 | Research | Castle Age |
| 17:28 | Research | Fletching |
| 17:28 | Research | Fletching |
| 17:28 | Research | Fletching |
| 17:31 | Queue | Archer |
| 17:31 | Queue | Archer |
| 17:56 | Research | Gold Mining |
| 17:56 | Research | Gold Mining |
| 17:56 | Research | Gold Mining |
| 17:57 | Queue | Archer |
| 18:30 | Build | Stable |
| 18:41 | Queue | Villager (Male) |
| 18:44 | Research | Scale Barding Armor |
| 18:44 | Research | Scale Barding Armor |
| 18:44 | Research | Scale Barding Armor |
| 18:49 | Build | Farm |
| 18:51 | Build | Farm |
| 19:05 | Build | Farm |
| 19:18 | Build | Farm |
| 19:25 | Research | Bloodlines |
| 19:25 | Research | Bloodlines |
| 19:47 | Age | Castle Age |
| 19:48 | Research | Crossbowman (upgrade) |
| 19:48 | Research | Crossbowman (upgrade) |
| 19:48 | Research | Bodkin Arrow |
| 19:48 | Research | Bodkin Arrow |
| 19:48 | Research | Bodkin Arrow |
| 19:49 | Queue | Villager (Male) |
| 19:55 | Build | Lumber Camp |
| 19:57 | Build | Farm |
| 20:00 | Queue | Knight |
| 20:00 | Queue | Knight |
| 20:19 | Build | Farm |
| 20:24 | Research | Bow Saw |
| 20:24 | Research | Bow Saw |
| 20:24 | Research | Bow Saw |
| 20:36 | Queue | Villager (Male) |
| 20:43 | Queue | Knight |
| 20:47 | Queue | Archer |
| 20:50 | Queue | Villager (Male) |
Build order — Lamo
First 150 of 347 actions detected
| 0:00 | Queue | Villager (Male) |
| 0:01 | Queue | Villager (Male) |
| 0:01 | Queue | Villager (Male) |
| 0:01 | Queue | Villager (Male) |
| 0:02 | Build | House |
| 0:03 | Build | House |
| 1:24 | Queue | Villager (Male) |
| 1:54 | Queue | Villager (Male) |
| 1:54 | Queue | Villager (Male) |
| 1:55 | Build | Lumber Camp |
| 2:19 | Queue | Villager (Male) |
| 2:47 | Queue | Villager (Male) |
| 2:59 | Queue | Villager (Male) |
| 3:29 | Queue | Villager (Male) |
| 3:53 | Build | House |
| 3:55 | Queue | Villager (Male) |
| 4:22 | Queue | Villager (Male) |
| 4:23 | Queue | Villager (Male) |
| 4:27 | Build | Mill |
| 4:58 | Queue | Villager (Male) |
| 5:06 | Queue | Villager (Male) |
| 5:23 | Research | Loom |
| 5:54 | Queue | Villager (Male) |
| 6:39 | Research | Feudal Age |
| 6:59 | Build | House |
| 7:01 | Build | Palisade Wall |
| 7:06 | Build | Palisade Wall |
| 7:11 | Queue | Villager (Male) |
| 7:58 | Build | Barracks |
| 8:23 | Queue | Villager (Male) |
| 8:29 | Queue | Villager (Male) |
| 8:51 | Age | Feudal Age |
| 8:53 | Research | Double-Bit Axe |
| 9:42 | Build | Mill |
| 9:46 | Queue | Villager (Male) |
| 10:12 | Queue | Villager (Male) |
| 10:14 | Build | House |
| 10:17 | Build | Palisade Wall |
| 10:30 | Research | Horse Collar |
| 10:35 | Build | Palisade Wall |
| 10:44 | Build | Farm |
| 10:46 | Queue | Villager (Male) |
| 10:51 | Build | Farm |
| 11:05 | Queue | Villager (Male) |
| 11:12 | Build | Farm |
| 11:24 | Queue | Villager (Male) |
| 11:55 | Queue | Villager (Male) |
| 12:08 | Build | Archery Range |
| 12:17 | Queue | Villager (Male) |
| 12:31 | Build | Farm |
| 12:32 | Build | Farm |
| 12:47 | Queue | Villager (Male) |
| 12:50 | Build | Mining Camp |
| 12:54 | Queue | Skirmisher |
| 12:54 | Queue | Skirmisher |
| 13:02 | Queue | Skirmisher |
| 13:04 | Queue | Villager (Male) |
| 13:16 | Build | Farm |
| 13:33 | Queue | Skirmisher |
| 13:34 | Queue | Villager (Male) |
| 13:49 | Build | Blacksmith |
| 14:02 | Queue | Villager (Male) |
| 14:12 | Queue | Skirmisher |
| 14:35 | Build | House |
| 14:36 | Queue | Villager (Male) |
| 14:45 | Queue | Skirmisher |
| 15:03 | Queue | Villager (Male) |
| 15:10 | Build | House |
| 15:13 | Build | Archery Range |
| 15:27 | Build | Farm |
| 15:50 | Research | Castle Age |
| 15:53 | Build | Farm |
| 15:57 | Build | House |
| 16:15 | Research | Fletching |
| 16:26 | Queue | Skirmisher |
| 16:26 | Queue | Skirmisher |
| 16:32 | Build | Farm |
| 16:45 | Research | Padded Archer Armor |
| 17:04 | Queue | Skirmisher |
| 17:20 | Queue | Skirmisher |
| 17:21 | Queue | Skirmisher |
| 17:21 | Queue | Skirmisher |
| 18:30 | Queue | Villager (Male) |
| 18:30 | Age | Castle Age |
| 18:32 | Build | Town Center |
| 18:37 | Research | Bodkin Arrow |
| 18:38 | Research | Bow Saw |
| 18:38 | Research | Bow Saw |
| 18:39 | Queue | Villager (Male) |
| 19:07 | Queue | Villager (Male) |
| 19:26 | Build | Monastery |
| 19:27 | Queue | Cavalry Archer |
| 19:28 | Queue | Cavalry Archer |
| 19:32 | Queue | Villager (Male) |
| 19:40 | Queue | Villager (Male) |
| 19:45 | Queue | Villager (Male) |
| 19:55 | Queue | Villager (Male) |
| 19:56 | Build | Farm |
| 19:57 | Build | Farm |
| 19:57 | Build | Farm |
| 20:02 | Queue | Cavalry Archer |
| 20:03 | Queue | Cavalry Archer |
| 20:12 | Queue | Monk |
| 20:16 | Queue | Villager (Male) |
| 20:17 | Build | Stable |
| 20:35 | Queue | Cavalry Archer |
| 20:35 | Queue | Cavalry Archer |
| 20:37 | Queue | Villager (Male) |
| 20:38 | Build | Farm |
| 20:50 | Queue | Villager (Male) |
| 21:05 | Queue | Villager (Male) |
| 21:07 | Build | Farm |
| 21:07 | Build | Farm |
| 21:07 | Build | Farm |
| 21:07 | Build | Farm |
| 21:11 | Queue | Villager (Male) |
| 21:11 | Queue | Villager (Male) |
| 21:20 | Queue | Monk |
| 21:24 | Queue | Villager (Male) |
| 21:30 | Queue | Villager (Male) |
| 21:31 | Queue | Villager (Male) |
| 21:39 | Build | Farm |
| 21:46 | Build | Town Center |
| 21:48 | Queue | Villager (Male) |
| 21:57 | Queue | Villager (Male) |
| 21:57 | Queue | Villager (Male) |
| 22:01 | Queue | Villager (Male) |
| 22:07 | Queue | Villager (Male) |
| 22:17 | Queue | Villager (Male) |
| 22:17 | Queue | Villager (Male) |
| 22:33 | Queue | Villager (Male) |
| 22:38 | Research | Elite Skirmisher (upgrade) |
| 22:38 | Research | Elite Skirmisher (upgrade) |
| 22:46 | Build | House |
| 22:46 | Build | House |
| 22:50 | Research | Bloodlines |
| 22:54 | Research | Wheelbarrow |
| 22:55 | Research | Wheelbarrow |
| 22:58 | Queue | Villager (Male) |
| 23:09 | Build | Farm |
| 23:09 | Build | Farm |
| 23:09 | Build | Farm |
| 23:14 | Queue | Villager (Male) |
| 23:15 | Queue | Villager (Male) |
| 23:25 | Queue | Skirmisher |
| 23:33 | Queue | Villager (Male) |
| 23:35 | Queue | Villager (Male) |
| 23:35 | Queue | Villager (Male) |
| 23:51 | Queue | Villager (Male) |
| 23:53 | Queue | Villager (Male) |
Match timeline
| 3:00 | Scotty · first_building Barracks |
| 7:01 | Lamo · wall_segment Palisade Wall x1 |
| 7:06 | Lamo · wall_segment Palisade Wall x1 |
| 7:58 | Lamo · first_building Barracks |
| 8:51 | Lamo · age_up feudal |
| 10:02 | Scotty · wall_segment Palisade Wall x6 |
| 10:17 | Lamo · wall_segment Palisade Wall x7 |
| 10:35 | Lamo · wall_segment Palisade Wall x2 |
| 10:58 | Scotty · age_up feudal |
| 11:23 | Scotty · first_building Archery Range |
| 12:08 | Lamo · first_building Archery Range |
| 12:43 | Scotty · wall_segment Palisade Wall x9 |
| 13:05 | Scotty · wall_segment Palisade Wall x12 |
| 18:30 | Scotty · first_building Stable |
| 18:30 | Lamo · age_up castle |
| 19:26 | Lamo · first_building Monastery |
| 19:47 | Scotty · age_up castle |
| 20:17 | Lamo · first_building Stable |
| 30:37 | Scotty · first_market_buy 100 food |
| 30:42 | Lamo · first_market_buy 100 stone |
| 30:42 | Scotty · first_building Monastery |
| 31:40 | Lamo · age_up imperial |
| 31:49 | Lamo · first_market_sell 100 food |
| 31:51 | Lamo · first_building Castle |
| 33:01 | Scotty · first_building Castle |
| 34:38 | Scotty · resign |
[ AI ANALYSIS · 1 CREDIT ]
What really happened in this match?
Wolo.gg analyzes every decision: build order, eco, micro, common mistakes by bracket. Personalized analysis on WhatsApp or Discord in 30 seconds.
Civ guide
Poles
Perfil
Jugador #301918